AoeStats
← Chiripa605

African Clearing

504002386Analyzed
4v4 RM · 29d ago on Sep 3, 2026· 77m 34s· 8 players
Game mode
Random Map
Map size
Large (8 player)
Population
200
Speed
Normal
Resources
Standard
Victory
Conquest
Starting age
Dark Age
Ending age
Imperial Age
RankedLock teamsTeams togetherTeam positionsShared explorationLock speedFull tech treeHidden civsTurbo modeCheats
Victory
Defeat
1268
+10
🇪🇸 Goths · Spain
1225
+12
🇺🇸 Koreans · United States
1224
+12
🇨🇳 Persians · China
1215
+12
🇦🇺 Malians · Australia
1178
-14
🇨🇳 Hindustanis · China
1132
-11
🇸🇬 Britons · Singapore
1120
-11
🇹🇭 Lithuanians · Thailand
1104
-10
LLih
6:12 Loom
14:09 Feudal Age
15:15 Double-Bit Axe
18:12 Castle Age
15:55 Horse Collar
16:20 Town Watch
17:46 Wheelbarrow
16:58 Town Watch
19:16 Bow Saw
19:34 Heavy Plow
21:40 Husbandry
27:46 Hand Cart
29:46 Bloodlines
30:18 Scale Barding Armor
30:24 Forging
30:27 Gold Mining
31:22 Chain Barding Armor
32:50 Gold Shaft Mining
32:06 Stone Mining
32:53 Iron Casting
36:52 Imperial Age
35:02 Stone Shaft Mining
36:48 Ballistics
37:04 Heavy Camel Rider
38:27 Plate Barding Armor
38:54 Blast Furnace
38:45 Fletching
41:27 Chemistry
40:34 Siege Engineers
41:32 Conscription
41:07 Imperial Camel Rider
41:57 Bodkin Arrow
45:25 Light Cavalry
46:06 Bracer
46:17 Masonry
47:14 Two-Man Saw
46:59 Caravan
49:52 Siege Elephant
54:31 Padded Archer Armor
55:31 Coinage
55:27 Murder Holes
61:12 Leather Archer Armor
61:05 Thumb Ring
60:21 Elite Skirmisher
62:34 Banking
62:41 Hussar
76:47 Hoardings
123
4:09 Loom
14:13 Feudal Age
18:50 Castle Age
17:07 Double-Bit Axe
17:14 Horse Collar
20:49 Bow Saw
20:48 Heavy Plow
23:12 Wheelbarrow
25:43 Town Watch
27:33 Forging
28:05 Scale Mail Armor
31:50 Hand Cart
33:47 Chain Mail Armor
39:56 Imperial Age
39:13 Iron Casting
40:09 Elite Gbeto
41:10 Conscription
40:59 Padded Archer Armor
41:32 Plate Mail Armor
49:51 Gold Mining
49:51 Stone Mining
58:42 Scale Barding Armor
59:26 Bloodlines
59:17 Husbandry
59:24 Fletching
59:47 Light Cavalry
8886Sar
6:40 Loom
13:43 Feudal Age
14:32 Double-Bit Axe
21:27 Castle Age
19:46 Fletching
21:41 Crossbowman
22:41 Bodkin Arrow
22:46 Padded Archer Armor
26:09 Ballistics
41:40 Imperial Age
42:02 Arbalester
42:24 Light Cavalry
43:04 Husbandry
45:26 Husbandry
45:52 Bracer
46:08 Leather Archer Armor
50:01 Conscription
51:50 Chemistry
54:10 Forging
54:06 Scale Barding Armor
58:03 Murder Holes
60:23 Wheelbarrow
59:34 Town Watch
62:52 Hand Cart
68:27 Bow Saw
67:57 Horse Collar
70:35 Two-Man Saw
69:36 Heavy Plow
SB 打碎小粉紅
14:30 Feudal Age
16:16 Wheelbarrow
15:31 Loom
15:35 Horse Collar
15:53 Double-Bit Axe
22:29 Castle Age
22:45 Bloodlines
22:42 Scale Barding Armor
22:47 Forging
23:35 Bow Saw
25:20 Heavy Plow
28:02 Hand Cart
27:32 Town Watch
29:14 Gold Mining
29:14 Stone Mining
34:38 Husbandry
35:00 Chain Barding Armor
34:38 Light Cavalry
36:51 Iron Casting
40:30 Imperial Age
38:33 Fletching
40:44 Cavalier
42:20 Conscription
42:51 Crop Rotation
43:22 Two-Man Saw
43:01 Plate Barding Armor
43:21 Tower Shields
43:49 Winged Hussar
45:13 Paladin
49:42 Caravan
57:05 Stone Shaft Mining
Chiripa605
5:14 Loom
13:39 Feudal Age
17:43 Castle Age
17:27 Double-Bit Axe
18:48 Bow Saw
19:00 Gold Mining
19:01 Stone Mining
24:04 Squires
25:49 Wheelbarrow
25:24 Fletching
27:22 Bodkin Arrow
28:19 Town Watch
29:59 Ballistics
30:52 Eupseong
30:57 Murder Holes
32:29 Horse Collar
36:45 Masonry
40:57 Imperial Age
41:13 Scale Mail Armor
41:39 Elite Fire Lancer
42:53 Chain Mail Armor
45:35 Hand Cart
48:26 Plate Mail Armor
49:55 Forging
50:38 Arson
51:30 Iron Casting
51:49 Architecture
51:05 Arrowslits
51:24 Bracer
52:00 Gambesons
54:19 Conscription
55:27 Chemistry
Aspirante
3:22 Loom
13:23 Feudal Age
15:04 Double-Bit Axe
15:05 Horse Collar
17:31 Castle Age
19:44 Stone Mining
19:45 Gold Mining
23:51 Wheelbarrow
28:54 Town Watch
32:07 Imperial Age
30:50 Scale Mail Armor
31:01 Forging
30:54 Anarchy
35:01 Imperial Age
33:53 Chain Mail Armor
34:13 Iron Casting
35:23 Elite Huskarl
36:07 Perfusion
36:11 Squires
37:14 Blast Furnace
41:06 Bow Saw
42:03 Fletching
42:40 Bodkin Arrow
43:16 Heavy Plow
43:12 Capped Ram
45:19 Chemistry
44:51 Bracer
47:25 Pikeman
47:51 Halberdier
49:31 Hand Cart
61:21 Crop Rotation
灯窝森曾瑞卜药方松滴
10:31 Loom
13:19 Feudal Age
18:47 Castle Age
16:46 Fishing Lines
17:43 Double-Bit Axe
20:28 Bow Saw
23:14 Wheelbarrow
25:27 Gillnets
26:05 Fletching
27:02 Padded Archer Armor
28:25 Horse Collar
29:05 Crossbowman
29:52 Husbandry
30:32 Ballistics
30:52 Bodkin Arrow
32:09 Leather Archer Armor
32:39 Bloodlines
33:46 Thumb Ring
38:34 Imperial Age
36:24 Gold Mining
38:04 Heavy Plow
38:59 Heavy Cavalry Archer
40:05 Parthian Tactics
39:45 Bracer
40:16 Ring Archer Armor
40:57 Conscription
41:53 Chemistry
41:11 Hand Cart
40:42 Town Watch
45:56 Forging
45:51 Scale Barding Armor
45:56 Forging
45:51 Scale Barding Armor
45:09 Light Cavalry
46:59 Two-Man Saw
47:59 Coinage
49:51 Scale Mail Armor
50:27 Iron Casting
50:02 Pikeman
50:43 Squires
51:25 Murder Holes
51:16 Arrowslits
51:43 Masonry
51:26 Halberdier
51:52 Arson
54:03 Chain Mail Armor
54:48 Blast Furnace
56:24 Plate Mail Armor
56:30 Banking
58:23 Kataparuto
58:43 Siege Engineers
66:23 Yasama
66:23 Guard Tower
66:24 Treadmill Crane
68:05 Stone Mining
68:51 Gold Shaft Mining
恩底弥翁之鹰
3:53 Loom
13:48 Feudal Age
18:17 Castle Age
16:51 Double-Bit Axe
19:09 Wheelbarrow
19:18 Husbandry
20:26 Bloodlines
25:59 Scale Barding Armor
29:12 Chain Barding Armor
28:55 Horse Collar
30:38 Gold Mining
31:36 Heavy Plow
31:51 Bow Saw
32:19 Bow Saw
34:31 Hand Cart
37:46 Imperial Age
36:58 Forging
37:27 Cavalier
38:44 Plate Barding Armor
38:46 Iron Casting
40:16 Gold Shaft Mining
40:16 Savar
41:36 Crop Rotation
42:08 Two-Man Saw
43:07 Blast Furnace
42:33 Stone Mining
44:10 Light Cavalry
45:48 Stone Shaft Mining
45:46 Hussar
47:20 Scale Mail Armor
47:21 Padded Archer Armor
47:13 Fletching
49:25 Ballistics
50:13 Chemistry
50:27 Thumb Ring
49:42 Crossbowman
50:28 Kamandaran
50:48 Conscription
50:32 Kamandaran
50:31 Bodkin Arrow
50:52 Leather Archer Armor
52:53 Citadels
53:18 Ring Archer Armor
53:51 Elite Skirmisher
54:45 Scale Mail Armor
56:05 Pikeman
56:45 Squires
56:30 Arson
57:40 Halberdier
58:41 Chain Mail Armor
60:07 Plate Mail Armor
60:28 Hoardings
Connection lost

Rejoining the realm…

Still unreachable

The connection could not be restored.

Session expired

The server has moved on; the page needs a fresh start.